 Dungeon Crawl Stone Soup version 0.29-a0-1008-g949cc1d0fb (webtiles) character file.

Game seed: 4369561589193235835

19104 Ajdolov the Fencer (level 12, -12/56 HPs)
             Began as a Vine Stalker Monk on Aug 7, 2022.
             Was the Champion of the Shining One.
             Mangled by a boulder beetle (42 damage)
             ... on level 12 of the Dungeon.
             The game lasted 00:19:13 (9714 turns).

Ajdolov the Fencer (Vine Stalker Monk)              Turns: 9714, Time: 00:19:13

Health: -12/56     AC: 17    Str: 14    XL:     12   Next: 65%
Magic:  0/14       EV:  8    Int: 10    God:    the Shining One [******]
Gold:   1020       SH:  0    Dex: 26    Spells: 11/11 levels left

rFire   . . .      SeeInvis .   N - +9 triple sword "Watof" {freeze, rC+ Will+ rCorr Dex+4}
rCold   + . .      Faith    .   (shield currently unavailable)
rNeg    + + +      Spirit   +   T - +3 plate armour {rPois}
rPois   +          Reflect  .   v - +0 helmet
rElec   .          Harm     .   E - +0 cloak
rCorr   +          Rampage  .   F - +0 pair of gloves
Will    ++...                   x - +0 pair of boots
Stlth   ..........              (no amulet)
HPRegen 0.98/turn               P - +4 ring of evasion
MPRegen 0.14/turn               (no ring)

@: marked, glowing, studying 2 skills
A: fangs 3, regeneration 1, magic shield, antimagic bite, no potion heal 2
a: Renounce Religion, Divine Shield, Cleansing Flame, Summon Divine Warrior,
Brand Weapon With Holy Wrath


You were on level 12 of the Dungeon.
You worshipped the Shining One.
The Shining One was exalted by your worship.
You visited 2 branches of the dungeon, and saw 13 of its levels.
You also visited: Sewer and Bailey.

You collected 1848 gold pieces.
You spent 828 gold pieces at shops.

Inventory:

Hand Weapons
 L - a +0 rapier
 N - the +9 triple sword "Watof" (weapon) {freeze, rC+ Will+ rCorr Dex+4}
   (You acquired it on level 9 of the Dungeon)

   It freezes those it strikes, dealing additional cold damage.
   It can also slow down cold-blooded creatures.
   Dex:       It affects your dexterity (+4).
   rC:        It protects you from cold.
   rCorr:     It protects you from acid and corrosion.
   Will:      It increases your willpower.
Missiles
 f - 6 javelins (quivered)
 I - 2 boomerangs
Armour
 v - a +0 helmet (worn)
 x - a +0 pair of boots (worn)
 E - a +0 cloak (worn)
 F - a +0 pair of gloves (worn)
 T - a +3 plate armour of poison resistance (worn)
Jewellery
 P - a +4 ring of evasion (left hand)
Wands
 w - a wand of charming (12)
 y - a wand of flame (8)
 A - a wand of quicksilver (10)
 J - a wand of polymorph (13)
 Q - a wand of mindburst (5)
Scrolls
 a - a scroll of magic mapping {unknown}
 d - 2 scrolls of brand weapon
 g - 7 scrolls of blinking
 j - a scroll of fog
 m - a scroll of amnesia
 n - 4 scrolls of poison
 o - 4 scrolls of noise
 q - 4 scrolls of immolation
 s - 9 scrolls of teleportation
 t - a scroll of enchant armour {unknown}
 z - a scroll of fear {unknown}
 C - a scroll of enchant weapon {unknown}
 K - a scroll of silence {unknown}
 M - 2 scrolls of vulnerability
Potions
 b - 6 potions of curing
 c - a potion of ambrosia
 e - 3 potions of attraction
 h - a potion of berserk rage {unknown}
 i - 3 potions of brilliance
 k - 4 potions of invisibility
 l - 4 potions of flight
 r - 2 potions of degeneration {unknown}
 u - 4 potions of mutation {unknown}
 B - 2 potions of cancellation
 D - 3 potions of might {unknown}
 G - 4 potions of heal wounds {unknown}
 O - 3 potions of lignification {unknown}
 U - a potion of magic {unknown}
Miscellaneous
 H - a phial of floods


   Skills:
 - Level 2.6 Fighting
 * Level 18.4 Long Blades
 - Level 2.4 Dodging
 - Level 2.4 Stealth
 * Level 1.8 Invocations


You had 11 spell levels left.
You didn't know any spells.
Your spell library contained the following spells:

 Spells                   Type           Power      Damage    Failure   Level
 Apportation              Tloc           0%         N/A       100%        1
 Foxfire                  Conj/Fire      0%         2x1d4     100%        1
 Ensorcelled Hibernation  Hex/Ice        0%         N/A       100%        2
 Static Discharge         Conj/Air       0%         3-3/arc   100%        2
 Sublimation of Blood     Necr           0%         N/A       100%        2
 Conjure Flame            Conj/Fire      0%         6-21      100%        3
 Gell's Gravitas          Tloc           0%         N/A       100%        3
 Ignite Poison            Fire/Tmut/Pois 0%         N/A       100%        3
 Inner Flame              Hex/Fire       0%         N/A       100%        3
 Lesser Beckoning         Tloc           0%         N/A       100%        3
 Mephitic Cloud           Conj/Pois/Air  0%         N/A       100%        3
 Ozocubu's Armour         Ice            0%         N/A       100%        3
 Spider Form              Tmut/Pois      0%         N/A       100%        3
 Teleport Other           Tloc           0%         N/A       100%        3
 Anguish                  Hex/Necr       0%         N/A       100%        4
 Flame Wave               Conj/Fire      0%         2d4       100%        4
 Leda's Liquefaction      Hex/Erth       0%         N/A       100%        4
 Petrify                  Tmut/Erth      0%         N/A       100%        4
 Freezing Cloud           Conj/Ice/Air   0%         6-21      100%        5
 Irradiate                Conj/Tmut      0%         3d11      100%        5
 Lee's Rapid Deconstruct  Erth           0%         3d5*      100%        5
 Lightning Bolt           Conj/Air       0%         1d11      100%        5
 Metabolic Englaciation   Hex/Ice        0%         N/A       100%        5
 Eringya's Noxious Bog    Tmut/Pois      0%         N/A       100%        6
 Simulacrum               Ice/Necr       0%         N/A       100%        6
 Statue Form              Tmut/Erth      0%         N/A       100%        6
 Maxwell's Capacitive Co  Air            0%         ∞         100%        8
 Necromutation            Tmut/Necr      0%         N/A       100%        8


Dungeon Overview and Level Annotations

Branches:
Dungeon (12/15)            Temple (1/1) D:7            Lair (0/5) D:8
    Orc (0/2) D:12          Sewer (visited)          Bailey (visited)

Altars:
Cheibriados
Elyvilon
Fedhas
Gozag
Hepliaklqana
Kikubaaqudgha
Nemelex Xobeh
Okawaru
Qazlal
Sif Muna
Vehumet
Wu Jian
Zin
The Shining One

Shops:
D:1 ?   D:9 ?

Annotations:
D:4 exclusions: 4 orcs, orc wizard and worm
D:12 Fannar


Innate Abilities, Weirdness & Mutations

You have razor-sharp teeth.
Your natural rate of healing is unusually fast.
When hurt, damage is shared between your health and your magic reserves.
Your bite disrupts and absorbs the magic of your enemies.
Potions cannot restore your health.


Message History

a - a scroll labelled FUUFRY KITHO An unseen horror and an orc wizard come into view.
The orc wizard is wielding a +0 dagger and wearing a +2 robe of cold resistance.
The unseen horror barely misses you.
You slash the unseen horror! You freeze the unseen horror.
You bite the unseen horror! You drain its power.
The unseen horror is severely wounded.
The unseen horror closely misses you.
The unseen horror hits you but does no damage.
You slash the unseen horror! You freeze the unseen horror!
You kill the unseen horror!
The orc wizard hits you but does no damage.
You slash the orc wizard! You freeze the orc wizard.
Your bite misses the orc wizard.
The orc wizard is almost dead.
You hit the orc wizard but do no damage.
You bite the orc wizard.
You kill the orc wizard!
No target in view!
Things that are here:
a +0 dagger; a +2 robe of cold resistance An orc comes into view.
It is wielding a +0 dagger.
The orc shouts!
A cyclops comes into view.
A sourceless malevolence fills the Dungeon...
With a horrendous wail, an alarm goes off!
A sentinel's mark forms upon you.
You hear a shout!
You hear an angry hiss.
You hear a roar!
You hear a shout! x5
You slice the orc!! You freeze the orc.
You kill the orc!
The cyclops throws a large rock.
The large rock hits you!!
Fannar the Cold-Hearted comes into view.
They are wielding a +0 quarterstaff of freezing and wearing a +1 robe of cold resistance.
A boulder beetle comes into view.
Found a scroll of torment.
The cyclops throws a large rock.
The large rock hits you!
The boulder beetle curls into a ball and begins rolling!
Found a staircase to the Orcish Mines.
The boulder beetle hits you!!!
Ouch! That really hurt!
You die...

....# #> .. #...# #.. .....
#...# #..# ...... #...#
#..#####..#
>......##..<######.........#
..............................
..............................
...........B@.........#####..
#.......°○...........# #..
#......°.............#####..
###.......e...............)...
.........C....................
..............)...............
.................#############
...........####..#
..........)# #..#


You could see Fannar, a boulder beetle (rolling) and a cyclops.

Vanquished Creatures
  Gastronok (D:9)
  A war gargoyle (D:11)
  The ghost of flestrin the Grappler, a journeyman TrGl of Ru (D:11)
  2 boulder beetles
  A centaur warrior (D:8)
  2 two-headed ogres (D:11)
  Maurice (D:8)
  An elephant (D:8)
  4 gargoyles
  2 unseen horrors
  A komodo dragon (D:11)
  A troll (D:9)
  Prince Ribbit (D:8)
  3 shadows
  A wyvern (D:8)
  A vampire (Bailey)
  A wraith (D:9)
  Grum (D:9)
  5 vampire mosquitoes
  3 basilisks (D:11)
  20 yaks
  A steam dragon (D:8)
  An acid dragon (D:10)
  3 water moccasins
  An orc warrior (D:6)
  An ice beast (D:6)
  2 black bears (D:8)
  6 centaurs
  6 ogres
  4 wolves (D:9)
  2 phantoms
  2 kobold brigands (D:10)
  4 bullfrogs
  2 necrophages
  A scorpion (D:5)
  14 wights
  7 killer bees
  2 electric eels (D:6)
  8 vampire bats (Bailey)
  4 howler monkeys
  6 wolf zombies (Bailey)
  4 hounds
  5 orc priests
  Crazy Yiuf (D:6)
  3 jellies
  A hell rat (Sewer)
  3 iguanas
  4 orc wizards
  2 human simulacra (D:10)
  7 gnolls
  7 adders
  3 river rats
  A shadow imp (D:6)
  2 white imps
  An ufetubus (D:7)
  A worm (D:2)
  4 dart slugs
  18 orcs
  11 endoplasms
  3 giant cockroaches
  3 goblins
  4 hobgoblins
  11 quokkas
  6 ball pythons
  4 bats
  A frilled lizard (D:1)
  22 kobolds
  21 orc zombies (Bailey)
  14 rats
298 creatures vanquished.

Vanquished Creatures (others)
  2 fungi (D:1)
  8 plants
10 creatures vanquished.

Grand Total: 308 creatures vanquished

Notes
Turn   | Place    | Note
-------+----------+-------------------------------------------
     0 | D:1      | Ajdolov the Vine Stalker Monk began the quest for the Orb.
     0 | D:1      | Reached XP level 1. HP: 11/11 MP: 2/2
    78 | D:1      | Reached skill level 3 in Long Blades
   316 | D:1      | Found a faded altar of an unknown god.
   326 | D:1      | Reached XP level 2. HP: 16/16 MP: 3/3
   329 | D:1      | Got Plato's Essays on Orientation
   826 | D:1      | Found Wocor's Magic Scroll Boutique.
   905 | D:1      | Bought a scroll of identify for 24 gold pieces
   905 | D:1      | Bought a scroll of identify for 24 gold pieces
   937 | D:1      | Reached XP level 3. HP: 19/19 MP: 4/4
  1278 | D:2      | Reached skill level 4 in Long Blades
  1610 | D:2      | Gained mutation: Your natural rate of healing is unusually
                  | fast. [Vine Stalker growth]
  1610 | D:2      | Reached XP level 4. HP: 11/23 MP: 2/5
  1784 | D:2      | Reached skill level 5 in Long Blades
  1784 | D:2      | Reached XP level 5. HP: 24/27 MP: 6/6
  1985 | D:3      | Found a glowing drain.
  2010 | Sewer    | Entered a sewer
  2350 | D:3      | You fall into a shaft and drop 3 floors!
  2367 | D:5      | Entered Level 5 of the Dungeon
  2382 | D:5      | Reached XP level 6. HP: 27/32 MP: 5/7
  2393 | D:5      | Reached skill level 6 in Long Blades
  2927 | D:4      | Reached skill level 7 in Long Blades
  2927 | D:4      | Reached XP level 7. HP: 35/35 MP: 8/8
  3020 | D:4      | Identified 2 scrolls of acquirement
  3022 | D:4      | Acquired 1119 gold pieces
  3024 | D:4      | Acquired the +3 triple sword "Dyoh" {vorpal, rElec rPois
                  | rF++ Str-3}
  3280 | D:5      | Found an ornate altar of the Wu Jian Council.
  3472 | D:5      | Reached skill level 8 in Long Blades
  3515 | D:5      | Got Ehiac's Treatise on Transmigration
  3560 | D:5      | Gained mutation: You have razor-sharp teeth. [Vine Stalker
                  | growth]
  3560 | D:5      | Reached XP level 8. HP: 29/39 MP: 5/9
  3632 | D:5      | Reached skill level 9 in Long Blades
  3823 | D:6      | Found an opulent altar of Gozag.
  3955 | D:6      | Found a glowing silver altar of Zin.
  3967 | D:6      | Reached skill level 10 in Long Blades
  4137 | D:6      | Reached XP level 9. HP: 43/43 MP: 8/10
  4232 | D:6      | Acquired a manual of Dodging
  4284 | D:6      | Found a runed translucent door.
  4285 | D:6      | Noticed Crazy Yiuf
  4461 | D:6      | Found a white marble altar of Elyvilon.
  4479 | D:6      | Reached skill level 11 in Long Blades
  4629 | D:6      | Killed Crazy Yiuf
  5128 | D:7      | Found a staircase to the Ecumenical Temple.
  5137 | Temple   | Entered the Ecumenical Temple
  5157 | Temple   | Became a worshipper of the Shining One
  5157 | Temple   | Reached * piety under the Shining One
  5157 | Temple   | Reached ** piety under the Shining One
  5648 | D:7      | Found a stormy altar of Qazlal.
  5650 | D:7      | Found a blossoming altar of Fedhas.
  5652 | D:7      | Found an iron altar of Okawaru.
  5773 | D:8      | Found a staircase to the Lair.
  5774 | D:8      | Noticed an elephant
  5835 | D:8      | Reached skill level 12 in Long Blades
  5842 | D:8      | Killed an elephant
  5869 | D:8      | Found a snail-covered altar of Cheibriados.
  6013 | D:8      | Reached XP level 10. HP: 40/47 MP: 9/11
  6016 | D:8      | Reached skill level 13 in Long Blades
  6034 | D:8      | Noticed Maurice
  6045 | D:8      | Killed Maurice
  6084 | D:8      | Noticed Prince Ribbit
  6092 | D:8      | Killed Prince Ribbit
  6232 | D:8      | Noticed a centaur warrior
  6237 | D:8      | Killed a centaur warrior
  6238 | D:8      | Reached skill level 14 in Long Blades
  6247 | D:8      | Reached *** piety under the Shining One
  6601 | D:9      | Noticed Gastronok
  6897 | D:9      | Killed Gastronok
  6898 | D:9      | Reached skill level 15 in Long Blades
  6898 | D:9      | Reached XP level 11. HP: 46/51 MP: 9/12
  7248 | D:9      | Found Apnunyiz's Magic Scroll Boutique.
  7254 | D:9      | Noticed Grum
  7279 | D:9      | Killed Grum
  7301 | D:9      | Bought a scroll of acquirement for 676 gold pieces
  7301 | D:9      | Bought a scroll of identify for 26 gold pieces
  7301 | D:9      | Bought a scroll of teleportation for 39 gold pieces
  7301 | D:9      | Bought a scroll of teleportation for 39 gold pieces
  7301 | D:9      | Acquired the +9 triple sword "Watof" {freeze, rC+ Will+
                  | rCorr Dex+4}
  7547 | D:10     | Entered Level 10 of the Dungeon
  7547 | D:10     | Found a flagged portal.
  7562 | Bailey   | Entered a bailey
  7579 | Bailey   | Reached **** piety under the Shining One
  7649 | Bailey   | Reached skill level 16 in Long Blades
  7677 | Bailey   | Reached ***** piety under the Shining One
  7709 | Bailey   | Identified the +0 robe of Ignis's Benevolence {Will+ Regen+
                  | Int+2}
  7714 | Bailey   | Identified the +0 battleaxe "Buosunk" {speed, Int+2}
  8630 | D:11     | Reached skill level 17 in Long Blades
  8678 | D:11     | Noticed a boulder beetle
  8679 | D:11     | Noticed a war gargoyle
  8679 | D:11     | Noticed a two-headed ogre
  8689 | D:11     | Killed a boulder beetle
  8690 | D:11     | Reached XP level 12. HP: 35/56 MP: 6/13
  8729 | D:11     | Killed a two-headed ogre
  8764 | D:11     | Reached ****** piety under the Shining One
  8806 | D:11     | Found a runed translucent door.
  8823 | D:11     | Killed a war gargoyle
  8874 | D:11     | Found the +10 dark maul {vorpal}
  8959 | D:11     | Noticed flestrin's ghost (journeyman TrGl)
  9024 | D:11     | Killed flestrin's ghost
  9025 | D:11     | Reached skill level 18 in Long Blades
  9237 | D:11     | Noticed a two-headed ogre
  9246 | D:11     | Killed a two-headed ogre
  9594 | D:12     | Noticed a boulder beetle
  9607 | D:12     | Killed a boulder beetle
  9608 | D:12     | Reached skill level 1 in Invocations
  9706 | D:12     | Noticed Fannar
  9707 | D:12     | Noticed a boulder beetle
  9710 | D:12     | Found a staircase to the Orcish Mines.
  9714 | D:12     | Mangled by a boulder beetle

Illustrated notes

Levels and vault maps discovered:
D:1:      dpeg_arrival_short_road, layout_basic,
          shapermc_ecumenical_altar_rom_forum, serial_shops, nicolae_shop_stone
D:2:      layout_rooms
D:3:      layout_basic, cheibrodos_sewer_entry_sluice,
          hangedman_decor_clover_reticule, minmay_pentangle
D:4:      layout_basic
D:5:      layout_rooms, nicolae_wu_jian_wuxing_cycle
D:6:      minmay_general_purpose_star, layout_basic, zin_academy,
          mainiacjoe_overflow_six_doors_small, nicolae_elyvilon_temple_path,
          kennysheep_generic_room_4, uniq_crazy_yiuf_cottage
D:7:      layout_gridville, grunt_temple_overflow_diamond,
          minmay_temple_entry_fiery
D:8:      layout_loops_cross, kennysheep_slug_shrine, david_lair_generic,
          uniq_maurice, uniq_prince_ribbit1
D:9:      layout_long_grid, serial_shops, shop, uniq_gastronok, uniq_grum
D:10:     layout_rooms, enter_bailey_6, bh_circular_ruins
D:11:     minmay_roctagon, layout_small_grid, ebering_ghost_reflecting_pool
D:12:     layout_small_grid, orc_0_dummy, uniq_fannar
Temple:   nicolae_temple_bog_church

Skill      XL: |  1  2  3  4  5  6  7  8  9 10 11 12 |
---------------+-------------------------------------+-----
Long Blades    | 3 4 5 7 8 10 12 15 17 18 | 18.4
Invocations    | 1 |  1.8
Fighting       | |  2.6
Dodging        | |  2.4
Stealth        | |  2.4

Action                   |  1- 3 |  4- 6 |  7- 9 | 10-12 || total
-------------------------+-------+-------+-------+-------++-------
Melee: Falchion          |    93 |   156 |    16 |       ||   265
       Bite              |    18 |    40 |    35 |    92 ||   185
       Punch             |       |     2 |       |       ||     2
       Triple sword      |       |       |   134 |   313 ||   447
Throw: Throwing net      |       |     1 |       |       ||     1
  Use: Scroll            |       |       |    11 |     9 ||    20
 Stab: Sleeping          |     6 |     2 |     3 |       ||    11
       Distracted        |       |       |     1 |       ||     1
Armor: Robe              |     9 |       |       |       ||     9
       Ring mail         |     6 |    40 |    59 |    61 ||   166
       Plate armour      |       |       |       |    50 ||    50
Dodge: Dodged            |    46 |    88 |   100 |   164 ||   398

Table legend: (Time is in decaauts)
 A = Elapsed time spent in this place.
 B = Non-inter-level travel time spent in this place.
 C = Inter-level travel time spent in this place.
 D = Time resting spent in this place.
 E = Time spent auto-exploring this place.
 F = Levels seen in this place.
 G = Mean time per level.
                   A        B        C        D        E       F      G
               +--------+--------+--------+--------+--------+-----+--------+
         Total |   9799 |   9264 |    535 |    450 |   6529 |  15 |  653.3 |
       Dungeon |   9268 |   8746 |    522 |    450 |   6259 |  12 |  772.3 |
        Temple |     35 |     22 |     13 |      0 |     10 |   1 |   35.0 |
         Sewer |    118 |    118 |      0 |      0 |     39 |   1 |  118.0 |
        Bailey |    375 |    375 |      0 |      0 |    220 |   1 |  375.0 |
               +--------+--------+--------+--------+--------+-----+--------+

Top non-repeatable levels by time:
     D:1: 1323 daAuts
     D:7: 1040 daAuts
     D:6: 961 daAuts
     D:9: 913 daAuts
    D:11: 896 daAuts
     D:8: 768 daAuts
     D:3: 741 daAuts
    D:10: 687 daAuts
     D:4: 605 daAuts
     D:5: 577 daAuts
     D:2: 551 daAuts
  Bailey: 375 daAuts
    D:12: 201 daAuts
   Sewer: 118 daAuts
  Temple: 35 daAuts
